Map: New Repugnancy LE

Players

MaSa - Winner!

  • Race: Terran Terran
  • League: Master
  • Spawn Location: 1:00

JonSnow

  • Race: Zerg Zerg
  • League: Grandmaster
  • Spawn Location: 7:00

Event: 2019 WCS Winter Americas

VOD

Have the link to the VOD?

Description

Time

  • Played on: Feb. 8, 2019, 3:44 p.m.
  • Length: 18:08

All games in this series

Show
View Real Time Build Order
Export as new Build Order

MaSa Terran - Winner!

Build Orders: Gas First Reaper Expand, Hellion Opening 

Get SALT Encoding   

  12  0:00  SCV  
  13  0:12  SCV  
  14  0:17  Supply Depot  
  14  0:24  SCV  
  14  0:27  Refinery  
  15  0:38  SCV  
  16  0:44  Barracks  
  16  0:50  SCV  
  17  1:03  SCV  
  18  1:15  SCV  
  19  1:31  Reaper, Orbital Command  
  20  1:49  Factory  
  20  1:56  Command Center  
  20  2:01  SCV  
  21  2:05  Barracks Reactor  
  21  2:10  Refinery  
  21  2:13  SCV  
  22  2:18  Supply Depot  
  22  2:25  SCV  
  23  2:40  SCV  
  23  2:41  Starport  
  24  2:49  Hellion x2  
  24  2:50  Barracks Reactor  
  28  2:55  SCV  
  29  3:10  Hellion  
  29  3:11  Hellion  
  29  3:12  SCV  
  34  3:21  Orbital Command  
  34  3:25  SCV  
  35  3:31  Viking  
  37  3:38  Viking  
  39  3:41  SCV  
  39  3:45  Supply Depot  
  40  3:50  Hellion  
  40  3:55  Hellion  
  44  3:57  SCV  
  44  3:58  SCV  
  46  4:06  Viking  
  46  4:09  Supply Depot  
  48  4:15  Viking  
  48  4:16  SCV  
  51  4:17  SCV  
  51  4:22  Hellion  
  54  4:31  Hellion  
  56  4:32  Supply Depot  
  56  4:34  SCV  
  56  4:36  Viking  
  59  4:41  SCV  
  59  4:45  Viking  
  62  4:47  Supply Depot  
  62  4:53  SCV  
  62  4:54  SCV  
  62  4:58  Supply Depot  
  64  5:05  SCV  
  64  5:06  Viking  
  67  5:07  SCV  
  67  5:11  Armory  
  68  5:15  Viking  
  68  5:17  SCV, Supply Depot  
  71  5:23  Hellion x2  
  71  5:25  SCV  
  76  5:30  SCV  
  77  5:39  Command Center  
  77  5:41  SCV  
  77  5:42  SCV  
  79  5:53  SCV  
  79  5:56  SCV  
  79  6:05  SCV, Hellion x2  
  79  6:08  SCV  
  79  6:10  Viking x2  
  89  6:17  SCV  
  83  6:22  Refinery  
  83  6:23  Refinery  
  75  6:26  Hellion x2  
  75  6:27  Factory  
  75  6:29  Factory, Barracks Tech Lab  
  75  6:30  Terran Vehicle Weapons Level 1  
  75  6:31  SCV, Supply Depot  
  78  6:37  SCV  
  79  6:43  SCV  
  78  6:47  Liberator  
  78  6:48  Hellion x2  
  78  6:49  SCV  
  81  6:55  SCV  
  83  7:06  SCV, Medivac  
  83  7:08  Barracks Tech Lab  
  88  7:09  Hellion x2  
  88  7:10  SCV, Supply Depot  
  88  7:14  Refinery  
  88  7:15  Command Center  
  93  7:22  Orbital Command  
  93  7:23  SCV  
  93  7:24  Refinery  
  93  7:25  SCV  
  95  7:35  SCV  
  96  7:37  SCV  
  97  7:46  Hellion x2, Cyclone  
  97  7:47  Cyclone, Supply Depot x2  
  97  7:49  SCV  
  108  7:53  SCV x2  
  110  8:01  SCV, Supply Depot  
  110  8:04  Viking  
  110  8:05  SCV  
  114  8:07  Hellion  
  114  8:08  Infernal Pre-Igniter  
  114  8:09  Supply Depot  
  114  8:10  Supply Depot  
  114  8:11  Viking  
  118  8:13  SCV  
  118  8:14  SCV  
  120  8:20  Cyclone  
  120  8:23  Cyclone  
  120  8:24  Supply Depot  
  126  8:32  SCV, Hellion x2  
  126  8:34  SCV  
  128  8:40  SCV  
  129  8:46  Barracks Reactor  
  129  8:47  Viking x2  
  129  8:48  SCV  
  129  8:49  Factory  
  129  8:50  Factory  
  129  8:52  Cyclone  
  129  8:55  Terran Vehicle Weapons Level 2  
  128  8:57  SCV x2  
  128  9:01  SCV  
  131  9:09  Hellion x2  
  135  9:10  Command Center  
  135  9:11  SCV  
  135  9:16  Orbital Command, Liberator  
  136  9:19  SCV, Liberator  
  136  9:21  Engineering Bay  
  137  9:26  Cyclone  
  137  9:29  Cyclone, Refinery  
  137  9:30  Hellion  
  137  9:31  Hellion, Refinery  
  153  9:48  Factory Tech Lab  
  153  9:51  Mag-Field Accelerator  
  153  9:52  Hellion, Factory  
  157  9:53  Hellion  
  157  9:54  Factory  
  157  9:56  Hellion  
  157  9:57  Hellion, Supply Depot  
  161  10:04  Cyclone  
  161  10:05  Cyclone  
  169  10:14  Hellion, Liberator x2  
  169  10:20  Hellion x2  
  169  10:21  Hellion x2  
  173  10:41  Hellion, Factory Reactor, Factory Tech Lab  
  173  10:42  Cyclone x2  
  181  10:43  Cyclone  
  181  10:46  Hellion x3  
  190  10:52  Sensor Tower  
  190  10:57  Liberator x2  
  190  11:02  Hellion  
  190  11:14  Cyclone  
  174  11:20  Cyclone x2  
  151  11:32  Hellion x5  
  161  11:33  SCV x3  
  161  11:35  Planetary Fortress  
  162  11:40  Liberator x2  
  162  11:48  Hellion x2  
  162  11:50  Cyclone, Command Center  
  162  11:51  Refinery  
  162  11:52  Cyclone  
  166  11:54  Refinery  
  166  12:01  Starport  
  164  12:02  Starport  
  164  12:03  Terran Vehicle And Ship Armor Level 1  
  164  12:04  Armory  
  164  12:09  Hellion x5  
  168  12:24  Cyclone x4  
  168  12:26  Hellion, Liberator x2  
  160  12:30  Hellion x2  
  164  12:40  SCV x2  
  164  12:43  Starport Reactor, Starport Tech Lab  
  169  12:45  Fusion Core, Liberator  
  169  12:50  Hellion x3  
  175  12:56  Cyclone x2  
  175  12:58  Terran Vehicle Weapons Level 3  
  184  13:06  Liberator  
  163  13:20  Hellion x5, Cyclone  
  163  13:21  Cyclone  
  163  13:24  Liberator  
  163  13:25  Liberator  
  178  13:30  Liberator  
  178  13:33  Liberator  
  178  13:37  Advanced Ballistics  
  178  13:39  Command Center  
  178  13:44  Hellion x2  
  194  13:59  Missile Turret  
  194  14:01  Terran Vehicle And Ship Armor Level 2  
  192  14:04  Hellion x2  
  192  14:05  Hellion, Liberator  
  198  14:12  Liberator  
  195  14:21  Hellion  
  195  14:22  Hellion  
  200  14:30  Liberator  
  200  14:37  Refinery  
  200  14:38  Refinery  
  200  14:45  Cyclone x3  
  190  14:46  Hellion x5  
  199  14:59  Planetary Fortress  
  199  15:02  Command Center  
  199  15:14  Liberator x2  
  199  15:15  Liberator  
  199  15:19  Liberator  
  199  15:20  Liberator  
  186  15:29  Hellion x2, Cyclone x2  
  186  15:31  Cyclone x2  
  164  15:35  Terran Ship Weapons Level 1  
  164  15:41  Hellion x2  
  154  15:54  Hellion x2  
  158  15:57  Liberator x3  
  158  16:01  Cyclone x2  
  158  16:02  Liberator  
  158  16:03  Cyclone x2, Liberator  
  159  16:08  Planetary Fortress  
  159  16:09  SCV x2  
  159  16:10  SCV  
  159  16:12  Hellion  
  170  16:18  Starport  
  171  16:26  SCV x2  
  171  16:27  SCV  
  171  16:30  Hellion x4  
  182  16:39  Command Center  
  181  16:40  Liberator x3  
  179  16:54  Liberator  
  179  16:58  Sensor Tower  
  179  17:00  Hellion, Thor  
  179  17:01  Hellion  
  195  17:15  Missile Turret  
  198  17:16  Missile Turret  
  198  17:23  Starport Reactor  
  198  17:26  Starport  
  198  17:45  Hellion x2  
Show
View Real Time Build Order
Export as new Build Order

JonSnow Zerg 

Build Orders: Hatch First 

Get SALT Encoding   

  12  0:00  Drone  
  13  0:12  Overlord  
  13  0:17  Drone  
  14  0:31  Drone x2  
  16  0:49  Hatchery  
  15  0:52  Drone  
  16  0:58  Drone x2  
  18  1:06  Extractor  
  17  1:14  Spawning Pool  
  17  1:18  Drone  
  17  1:24  Drone  
  18  1:29  Drone  
  19  1:39  Drone  
  20  1:53  Overlord  
  20  2:01  Queen  
  20  2:02  Zergling x4  
  20  2:03  Queen  
  26  2:11  Metabolic Boost  
  26  2:19  Drone x2  
  26  2:22  Drone  
  29  2:26  Drone  
  30  2:42  Hatchery  
  29  2:44  Drone  
  29  2:50  Queen  
  32  2:52  Drone  
  32  2:56  Drone  
  32  2:57  Drone  
  35  3:03  Drone  
  36  3:06  Overlord  
  36  3:08  Spore Crawler  
  36  3:10  Drone  
  36  3:19  Overlord  
  36  3:23  Queen  
  38  3:27  Queen  
  38  3:31  Zergling x6  
  43  3:39  Overlord  
  43  3:40  Drone x2  
  43  3:41  Drone  
  46  3:45  Drone  
  47  3:49  Overlord  
  47  3:52  Drone  
  47  3:54  Zergling x4  
  50  4:03  Queen, Baneling Nest  
  50  4:07  Drone x3  
  54  4:10  Drone  
  54  4:14  Queen  
  57  4:21  Drone x2  
  57  4:22  Spore Crawler  
  57  4:26  Queen  
  57  4:31  Drone x2  
  61  4:41  Queen  
  61  4:45  Zergling x4  
  64  4:56  Baneling x3  
  64  4:58  Drone  
  64  4:59  Drone  
  66  5:00  Baneling  
  66  5:01  Baneling  
  66  5:05  Overlord x2  
  64  5:11  Extractor x2  
  64  5:12  Evolution Chamber  
  64  5:14  Evolution Chamber  
  60  5:15  Drone x6  
  66  5:23  Overlord x2, Baneling x2  
  66  5:24  Queen  
  66  5:25  Drone x3  
  72  5:28  Drone x3  
  74  5:38  Overlord  
  74  5:41  Zergling x14  
  81  5:47  Zerg Melee Weapons Level 1  
  80  5:54  Drone x6  
  80  5:55  Drone  
  81  6:06  Overlord  
  81  6:09  Lair, Overlord  
  81  6:10  Drone  
  82  6:15  Zergling x2  
  82  6:16  Zergling x6  
  83  6:22  Overlord  
  79  6:26  Drone x2  
  79  6:27  Drone  
  79  6:32  Queen  
  82  6:33  Overlord  
  82  6:34  Zerg Ground Armor Level 1  
  82  6:35  Drone  
  82  6:39  Drone  
  86  6:45  Drone x2  
  84  6:49  Drone  
  84  6:50  Extractor  
  84  6:51  Baneling x2, Drone x2  
  84  6:52  Baneling x2, Drone  
  87  6:55  Drone  
  87  6:56  Extractor x2, Drone  
  87  7:00  Overlord  
  87  7:02  Drone x6  
  93  7:11  Drone x3  
  93  7:15  Hydralisk Den  
  95  7:21  Centrifical Hooks  
  90  7:29  Zergling x6  
  92  7:30  Hatchery  
  92  7:33  Overlord  
  92  7:37  Drone x3  
  93  7:39  Infestation Pit  
  93  7:42  Drone  
  93  7:43  Drone x7  
  101  7:47  Zerg Missile Weapons Level 1  
  101  7:49  Grooved Spines  
  101  7:50  Hydralisk x2  
  105  7:56  Hydralisk  
  105  7:57  Hydralisk x2  
  111  8:07  Spore Crawler  
  111  8:09  Overlord  
  110  8:13  Hydralisk x2  
  114  8:20  Overlord  
  114  8:25  Overseer  
  114  8:27  Extractor, Zerg Melee Weapons Level 2  
  111  8:35  Drone  
  111  8:36  Drone x4  
  111  8:37  Hive  
  107  8:47  Hydralisk x3  
  107  8:48  Hydralisk  
  115  8:51  Drone  
  115  8:53  Drone  
  115  8:54  Drone  
  118  8:58  Extractor  
  117  9:05  Overlord  
  117  9:07  Hydralisk x4  
  125  9:11  Drone x4  
  129  9:17  Hydralisk x3  
  129  9:21  Baneling x3  
  133  9:28  Hydralisk  
  133  9:29  Hydralisk x2  
  139  9:32  Drone x3  
  139  9:36  Drone x3, Spine Crawler  
  144  9:38  Spore Crawler  
  141  9:47  Spire  
  137  9:53  Muscular Augments  
  137  9:55  Zerg Missile Weapons Level 2  
  137  9:57  Zergling x24  
  149  10:08  Spine Crawler  
  149  10:10  Viper  
  149  10:12  Zergling x12  
  157  10:15  Overlord, Queen  
  157  10:19  Drone  
  157  10:20  Drone x2  
  161  10:26  Drone x3  
  159  10:30  Hatchery  
  159  10:33  Viper x2  
  162  10:42  Drone  
  163  10:52  Hydralisk  
  163  10:53  Hydralisk x5, Hatchery  
  163  10:54  Zergling x2  
  174  10:58  Hydralisk  
  174  10:59  Zergling x2  
  174  11:00  Overlord  
  174  11:02  Baneling x6  
  153  11:22  Zergling x20  
  143  11:26  Drone  
  143  11:27  Drone x2  
  145  11:33  Greater Spire  
  145  11:34  Zerg Melee Weapons Level 3  
  145  11:35  Viper  
  145  11:40  Hydralisk x3  
  145  11:44  Baneling  
  145  11:45  Baneling x2  
  151  11:47  Adrenal Glands  
  151  11:54  Hydralisk x3  
  151  11:55  Zergling x2  
  151  11:56  Zergling x2  
  154  12:05  Viper  
  154  12:06  Zergling x2  
  154  12:07  Queen, Zergling x12  
  165  12:09  Extractor  
  165  12:10  Extractor  
  163  12:17  Zergling x14  
  155  12:33  Drone  
  155  12:34  Drone x6  
  155  12:35  Drone x4  
  164  12:37  Drone  
  164  12:38  Drone  
  164  12:42  Drone x2  
  166  12:47  Hydralisk  
  166  12:49  Baneling x2  
  166  12:50  Hydralisk, Baneling x2  
  166  12:51  Hydralisk  
  170  12:56  Zerg Missile Weapons Level 3  
  172  13:00  Drone x3  
  172  13:01  Drone  
  176  13:10  Hydralisk x4  
  180  13:19  Hydralisk x5  
  181  13:29  Spine Crawler  
  181  13:30  Overlord x3  
  180  13:36  Baneling x17  
  180  13:45  Baneling  
  180  13:52  Zergling x2  
  180  13:53  Zergling x32  
  197  13:58  Hydralisk x3  
  196  14:09  Overlord  
  192  14:11  Drone x4  
  192  14:12  Drone  
  192  14:14  Drone x3  
  195  14:23  Drone x4  
  193  14:26  Zerg Ground Armor Level 2  
  193  14:28  Pathogen Glands  
  193  14:45  Corruptor x7  
  176  14:51  Infestor  
  176  14:52  Infestor x2  
  192  14:56  Drone  
  192  14:57  Drone x2  
  195  15:08  Zerg Flyer Armor Level 1  
  195  15:13  Baneling  
  195  15:14  Baneling x2  
  177  15:31  Hydralisk x4  
  177  15:32  Zergling x4  
  177  15:33  Zergling x28  
  176  15:38  Brood Lord x2  
  176  15:44  Hatchery  
  176  15:45  Brood Lord x2  
  176  15:49  Zergling x8  
  171  15:57  Baneling x2  
  171  16:00  Drone x5  
  169  16:07  Drone x5  
  170  16:12  Drone  
  170  16:13  Drone x2  
  170  16:18  Drone x4  
  177  16:19  Drone  
  178  16:27  Drone x2  
  178  16:28  Drone x4  
  178  16:30  Baneling x4  
  184  16:38  Brood Lord x2  
  171  16:54  Brood Lord  
  171  16:55  Corruptor x4  
  171  16:59  Drone x2  
  180  17:04  Zergling x12  
  184  17:12  Baneling x3  
  184  17:13  Viper x4  
  189  17:25  Drone x2  
  189  17:26  Drone x2  
  187  17:35  Hydralisk x5  
  188  17:43  Hydralisk x3  
  156  17:44  Zergling x2  
Tags
 
Add a new tag
Caveats
  • Supply blocks, unpowered buildings, or Contaminate may cause inaccurate times.
  • Supply counts are checked every 10 seconds.